[Event "Israel Team Ch Under 18"]
[Site "Jerusalem"]
[Date "2017.08.15"]
[Round "6"]
[White "Sonzenevich, Matan"]
[Black "Shohat, Yotam"]
[Result "1-0"]
[ECO "C00"]
[WhiteElo "1734"]
[BlackElo "2041"]
[Annotator "NA RC"]
[PlyCount "35"]
[EventDate "2017.??.??"]
[EventType "swiss"]
[EventCountry "ISR"]
[SourceTitle "playchess.com"]
[Source "ChessBase"]
[SourceQuality "1"]
[TimeControl "40/5400+30:1800+30"]

1. e4 e6 2. Nf3 d5 3. e5 c5 4. b4 Nc6 5. bxc5 Bxc5 6. d4 Bb6 7. c3 Bd7 8. Bd3 Rc8 9. O-O Nge7 10. Na3 a6 11. Bd2 O-O $2 {[#]} (11... h6 $14) 12. Bxh7+ $1 Kh8 $2 (12... Kxh7 13. Ng5+ Kg6) 13. Ng5 g6 14. Qf3 Nf5 15. g4 Nh6 16. Qh3 Kg7 {[#]} 17. Nxe6+ fxe6 18. Qxh6+ 1-0

[Event "Israel Team Ch Under 18"]
[Site "Jerusalem"]
[Date "2017.08.15"]
[Round "6"]
[White "Kotler, Yiftah"]
[Black "Feldman, Antony"]
[Result "1-0"]
[ECO "B06"]
[WhiteElo "1722"]
[BlackElo "1975"]
[Annotator "NA RC"]
[PlyCount "63"]
[EventDate "2017.??.??"]
[EventType "swiss"]
[EventCountry "ISR"]
[SourceTitle "playchess.com"]
[Source "ChessBase"]
[SourceQuality "1"]
[TimeControl "40/5400+30:1800+30"]

1. e4 g6 2. d4 Bg7 3. Nf3 d6 4. c4 Bg4 5. Be2 Nc6 6. Be3 {[%emt 0:03:42] LiveBook: 209 Games} Nf6 7. Nc3 O-O 8. O-O e5 9. d5 Ne7 10. b4 {[%emt 0:01:32] E97: King's Indian: Classical Main Line (6...e5 7 0-0 Nc6): 8 Be3 and 8 d5 Ne7, not 9 Ne1} Nd7 11. Rb1 $146 ({Find the theoretical novelty and annotate with similar games:} 11. Qd2 Nb6 12. c5 Bxf3 13. cxb6 Bxe2 14. bxc7 Qxc7 15. Nxe2 f5 16. Rac1 Qd7 17. f3 a6 {½-½ (43) Trushelyov,V (2354)-Khusenkhojaev,M (2373) Peterhof 2009}) 11... h6 12. Nd2 Bxe2 13. Qxe2 f5 14. f3 g5 15. Rfc1 Rf6 16. c5 a6 17. Nc4 f4 18. Bf2 Rg6 19. Na4 Nc8 20. Na5 b5 21. cxb6 Ncxb6 22. Nxb6 Nxb6 23. Rc6 Bf8 24. Rbc1 Rg7 25. Qc2 g4 26. Rxc7 Nd7 27. Kf1 Qg5 28. Qc6 Rd8 29. Nb7 Qh5 30. Nxd8 gxf3 31. Rxd7 fxg2+ 32. Kg1 1-0

[Event "Israel Team Ch Under 18"]
[Site "Jerusalem"]
[Date "2017.08.15"]
[Round "6"]
[White "Shetah, Roi"]
[Black "Stolyarsky, Yegor"]
[Result "0-1"]
[ECO "C54"]
[WhiteElo "1647"]
[BlackElo "1914"]
[Annotator "NA RC"]
[PlyCount "64"]
[EventDate "2017.??.??"]
[EventType "swiss"]
[EventCountry "ISR"]
[SourceTitle "playchess.com"]
[Source "ChessBase"]
[SourceQuality "1"]
[TimeControl "40/5400+30:1800+30"]

1. e4 e5 2. Nf3 Nc6 3. Bc4 Bc5 4. c3 Nf6 5. d3 d6 6. O-O Bb6 7. h3 h6 8. Nbd2 {[%emt 0:00:34] C54: Giuoco Piano: 4 c3 Nf6, main lines with 5 d4 and 5 d3} (8. Re1 O-O 9. a4 a6 10. Nbd2 Ne7 11. d4 exd4 12. cxd4 d5 13. e5 Nh5 14. Bf1 Nf4 15. a5 Ba7 {0-1 (44) Fressinet,L (2712)-Hammer,J (2665) Oslo 2015}) 8... Ne7 9. Re1 (9. a4 $5 a5 10. Bb3 $11) 9... Ng6 10. Nf1 O-O 11. Ng3 c6 12. Bb3 {[%emt 0:04:57] LiveBook: 21 Games} d5 13. exd5 Nxd5 14. Nxe5 $146 ({Predecessor:} 14. d4 exd4 15. Nxd4 Nc7 16. Qh5 Bxd4 17. cxd4 Nd5 18. Bxd5 Qxd5 19. Qxd5 cxd5 20. Bd2 {½-½ (20) Dubov,D (2421)-Simacek,P (2476) Olomouc 2009}) 14... Nxe5 15. Rxe5 Bxf2+ 16. Kxf2 Qf6+ 17. Qf3 Qxe5 18. d4 Qd6 19. Bd2 Bd7 20. Ne4 Qg6 21. c4 (21. Nc5 $142 Be6 22. Kg1) 21... Nc7 22. Bb4 (22. Nc5 $17 Bf5 23. g4) 22... Rfd8 23. Nd6 (23. Re1 $142) 23... a5 24. Ba3 Ne6 25. Nf5 Kh8 26. h4 Ng5 27. hxg5 Bxf5 28. gxh6 Rxd4 29. hxg7+ Kxg7 30. Qc3 Qf6 $19 31. Be7 Rf4+ 32. Ke3 Qxc3+ {[%emt 0:00:47] Kd4} 0-1

[Event "Israel Team Ch Under 18"]
[Site "Jerusalem"]
[Date "2017.08.15"]
[Round "6"]
[White "Zach, Asif"]
[Black "Gitzman, Michael"]
[Result "1-0"]
[ECO "D35"]
[WhiteElo "1600"]
[BlackElo "1912"]
[Annotator "NA RC"]
[PlyCount "57"]
[EventDate "2017.??.??"]
[EventType "swiss"]
[EventCountry "ISR"]
[SourceTitle "playchess.com"]
[Source "ChessBase"]
[SourceQuality "1"]
[TimeControl "40/5400+30:1800+30"]

1. d4 e6 2. c4 d5 3. Nc3 Nf6 4. cxd5 exd5 5. Bg5 Be7 6. e3 O-O 7. Bd3 c5 {LiveBook: 9 Games D35: Queen's Gambit Declined: Exchange Variation} (7... Nbd7 8. Nf3 c6 9. Qc2 Re8 10. h3 Nf8 11. Bf4 Ng6 12. Bh2 Bd6 13. Bxd6 Qxd6 14. O-O-O Bd7 15. Kb1 Rac8 16. g4 Qe7 17. Rhe1 c5 18. g5 Nh5 19. Nxd5 Qd6 20. dxc5 Rxc5 21. Bxg6 Rxc2 22. Nf6+ Nxf6 23. Rxd6 Rxf2 24. gxf6 hxg6 25. Rxd7 Rxf3 26. Rxb7 gxf6 27. Rxa7 {½-½ (58) Dreev,A (2651)-Akobian,V (2645) chess.com INT 2017}) 8. Nge2 Nc6 9. O-O Be6 $146 ({Predecessor:} 9... cxd4 10. exd4 Be6 11. Rc1 Rc8 12. Bb1 Qd7 13. Qd3 Nb4 14. Qb5 Qxb5 15. Nxb5 Nc6 16. Nbc3 Rfe8 17. f3 a6 18. Na4 {1-0 (53) Figura,A (2193)-Hohn,A (2139) Berlin 2005}) 10. Rc1 cxd4 11. Nxd4 Nxd4 12. exd4 Rc8 13. Qd2 ({Reject} 13. Bxf6 Bxf6 14. Qf3 g6 $15) 13... Nd7 14. Bf4 Nb6 15. Nb5 Nc4 16. Qe2 (16. Bxc4 $5 Rxc4 17. Rxc4 dxc4 18. Re1 $11) 16... Qb6 17. Nc7 Bf6 $2 {[#]} (17... Rxc7 $17 {and life is bright.} 18. Bxc7 Qxc7) 18. Bxc4 ({Weaker is} 18. Nxe6 fxe6 19. Bxc4 (19. Qh5 g6 $15) 19... dxc4 $11) (18. b3 $1 $16 Rxc7 19. Bxc7 (19. bxc4 Rxc4 20. Bxc4 dxc4 $11) 19... Qxc7 20. bxc4) 18... dxc4 19. d5 $1 Bd7 20. Qxc4 a6 21. a4 Bd8 22. d6 Bc6 (22... Qxb2 $142 23. Qe4 Bh4) 23. Be5 Bd7 (23... Qa5 {was necessary.} 24. Qd4 f6) 24. Qc3 f6 $18 25. a5 Qa7 26. Bd4 Qb8 27. Bb6 Kh8 28. Qd4 Bxc7 29. dxc7 1-0

[Event "Israel Team Ch Under 18"]
[Site "Jerusalem"]
[Date "2017.08.15"]
[Round "7"]
[White "Hochman, Elnatan"]
[Black "Kupervaser, Erez"]
[Result "1-0"]
[ECO "E70"]
[WhiteElo "2097"]
[BlackElo "1868"]
[Annotator "NA RC"]
[PlyCount "63"]
[EventDate "2017.??.??"]
[EventType "swiss"]
[EventCountry "ISR"]
[SourceTitle "playchess.com"]
[Source "ChessBase"]
[SourceQuality "1"]
[TimeControl "40/5400+30:1800+30"]

1. d4 Nf6 2. c4 g6 3. Nc3 Bg7 4. e4 O-O 5. Nf3 c6 6. Be2 d5 7. e5 Ne8 {[%emt 0:01:32] E70: King's Indian: Miscellaneous lines with 4 e4, including 5 Nge2 and 5 Bd3 0-0 6 Nge2} 8. O-O Nc7 9. h3 dxc4 10. Bxc4 Nd7 11. Bb3 $146 ({Predecessor:} 11. Be3 Nb6 12. Bb3 Be6 13. Bc2 f6 14. Re1 Kh8 15. Ne4 {½-½ (81) Inarkiev,E (2668)-Jobava,B (2673) Minsk 2015}) 11... Nb6 12. Nh2 Be6 13. Ng4 Bxb3 14. axb3 Ne6 15. Be3 Nd5 16. Qf3 h5 17. Nh2 Nxe3 18. fxe3 Qb6 19. Ra3 Rad8 20. Rf2 Nc7 21. Nf1 Nd5 22. Nd2 Bh6 23. Nc4 Qb4 24. Nd1 (24. Ra4 $11 Qxb3 25. Na5) 24... b5 (24... a6 $17) 25. Na5 $1 Rc8 26. Nb7 $17 (26. Re2 $11) 26... Nxe3 27. Nxe3 Qxd4 28. Nf1 Qxe5 29. b4 Qe1 30. Nc5 Rcd8 31. Rxa7 Rd1 32. Nd3 1-0

[Event "Israel Team Ch Under 18"]
[Site "Jerusalem"]
[Date "2017.08.15"]
[Round "7"]
[White "Zhimalov, Adam"]
[Black "Gabizon, Eyal"]
[Result "1/2-1/2"]
[ECO "A77"]
[WhiteElo "2036"]
[BlackElo "2146"]
[Annotator "ChessBase"]
[PlyCount "40"]
[EventDate "2017.??.??"]
[EventType "swiss"]
[EventCountry "ISR"]
[SourceTitle "playchess.com"]
[Source "ChessBase"]
[SourceQuality "1"]
[TimeControl "40/5400+30:1800+30"]

1. d4 Nf6 2. c4 c5 3. d5 e6 4. Nc3 exd5 5. cxd5 d6 6. Nf3 g6 7. Nd2 Bg7 8. e4 O-O 9. Be2 Re8 10. O-O Nbd7 11. Qc2 Ne5 12. b3 g5 13. Bb2 a6 14. a4 Qe7 15. Rae1 Rb8 16. a5 Bd7 17. Nd1 Ng6 18. Bc4 Ng4 19. Bxg7 Kxg7 20. Ne3 Nxe3 1/2-1/2

[Event "Israel Team Ch Under 18"]
[Site "Jerusalem"]
[Date "2017.08.15"]
[Round "7"]
[White "Landau, Amit"]
[Black "Levy, Zohar"]
[Result "1-0"]
[ECO "A46"]
[WhiteElo "1965"]
[BlackElo "1709"]
[Annotator "NA RC"]
[PlyCount "111"]
[EventDate "2017.??.??"]
[EventType "swiss"]
[EventCountry "ISR"]
[SourceTitle "playchess.com"]
[Source "ChessBase"]
[SourceQuality "1"]
[TimeControl "40/5400+30:1800+30"]

1. d4 Nf6 2. Nf3 c5 3. e3 g6 4. c3 Bg7 5. Nbd2 cxd4 6. exd4 O-O 7. Bd3 Nc6 8. O-O d6 {A48: 1 d4 Nf6 2 Nf3 g6: Torre, London and Colle Systems} 9. Re1 Re8 (9... Qc7 10. Nc4 Bd7 11. h3 b5 12. Ne3 {0-1 (34) Kiewra,K (2421)-Erdos,V (2610) Biel 2015}) 10. Nc4 Bg4 (10... b5 $5 11. Ne3 b4 $14) 11. h3 Bd7 12. Bg5 $146 d5 13. Nce5 Be6 14. Bf4 Nxe5 15. Nxe5 Qb6 16. Qb3 Qxb3 17. axb3 Nd7 18. Bb5 Bxe5 19. Bxe5 a6 20. Bf1 Nxe5 21. Rxe5 Kf8 22. c4 dxc4 23. d5 Bd7 24. bxc4 Rac8 25. b4 Rc7 26. c5 Rd8 27. Be2 Ra8 (27... Be8 $11 {keeps the balance.}) 28. Bf3 Bb5 (28... Rb8 $16) 29. Re3 (29. d6 $142 Rd7 30. Rxe7 Rxe7 31. dxe7+ Kxe7 32. Bxb7) 29... Rd8 30. Rd1 a5 31. d6 exd6 32. cxd6 Rcd7 33. bxa5 Ba6 34. Rb3 Rxd6 35. Rxd6 Rxd6 36. Bxb7 Bxb7 37. Rxb7 Ke8 (37... Ra6 $16 {was worth a try.}) 38. Ra7 Rd7 39. Ra8+ Rd8 40. Rxd8+ Kxd8 41. f4 Kc7 42. Kf2 Kb7 43. Ke3 Ka6 $18 44. Ke4 Kxa5 45. Ke5 Kb5 46. Kf6 Kc5 47. Kxf7 Kd5 48. Kg7 Ke4 49. Kxh7 Kxf4 50. Kxg6 Kg3 51. Kg5 Kxg2 52. h4 Kg3 53. h5 Kf3 54. h6 Ke4 55. h7 Ke5 56. h8=Q+ 1-0

[Event "Israel Team Ch Under 18"]
[Site "Jerusalem"]
[Date "2017.08.15"]
[Round "7"]
[White "Vazana, Yochay"]
[Black "Weintraub, Amit"]
[Result "0-1"]
[ECO "B01"]
[WhiteElo "1921"]
[BlackElo "1801"]
[Annotator "NA RC"]
[PlyCount "72"]
[EventDate "2017.??.??"]
[EventType "swiss"]
[EventCountry "ISR"]
[SourceTitle "playchess.com"]
[Source "ChessBase"]
[SourceQuality "1"]
[TimeControl "40/5400+30:1800+30"]

1. e4 d5 2. exd5 Nf6 3. c4 c6 4. d4 cxd5 5. cxd5 Nxd5 6. Bc4 Nc6 7. Nc3 Nb6 8. Bb5 Bd7 9. Nf3 a6 {[%emt 0:01:20] B13: Caro-Kann: Exchange Variation and Panov-Botvinnik Attack} 10. Bxc6 Bxc6 11. O-O g6 $146 ({Predecessor:} 11... e6 12. Ne5 Qc7 13. Bf4 Bd6 14. Rc1 f6 15. Qh5+ g6 16. Nxg6 Qf7 17. Bxd6 {1-0 (32) Koth,S (2230)-Prohaszka,G Balatonlelle 2001}) 12. Ne5 Bd5 13. Nxd5 Qxd5 14. Be3 Bg7 15. Re1 O-O 16. Qf3 Qxf3 17. Nxf3 Nd5 18. Bd2 $1 Rfd8 19. Rac1 e6 20. g3 Rdc8 21. b3 Bf8 22. Bg5 Nb4 23. Rc4 (23. a4 $1 $15) 23... b5 (23... Nxa2 $17 24. h4 Nc3) 24. Rxc8 Rxc8 25. Rc1 (25. Re2 $17) 25... Rxc1+ 26. Bxc1 Nxa2 27. Be3 Nb4 28. Bd2 Nc6 29. Bc3 $19 a5 30. Kf1 a4 31. bxa4 bxa4 32. Ke1 Bb4 33. Bxb4 Nxb4 34. Kd1 Nd3 35. Ke2 a3 36. Nd2 Nc1+ 0-1

[Event "Israel Team Ch Under 18"]
[Site "Jerusalem"]
[Date "2017.08.15"]
[Round "7"]
[White "Stolyarsky, Yegor"]
[Black "Kadria, Shay"]
[Result "0-1"]
[ECO "C01"]
[WhiteElo "1914"]
[BlackElo "1784"]
[Annotator "NA RC"]
[PlyCount "156"]
[EventDate "2017.??.??"]
[EventType "swiss"]
[EventCountry "ISR"]
[SourceTitle "playchess.com"]
[Source "ChessBase"]
[SourceQuality "1"]
[TimeControl "40/5400+30:1800+30"]

1. e4 e6 2. d4 d5 3. exd5 exd5 4. Bd3 Bd6 5. Nf3 h6 6. h3 {[%emt 0:02:31] C01: French: Exchange Variation} Qf6 7. O-O Ne7 8. c3 Nbc6 9. b4 $146 ({Predecessor:} 9. Re1 O-O 10. Nbd2 Bf5 11. Nf1 Bxd3 12. Qxd3 Nf5 13. Ne3 Nxe3 14. Bxe3 {½-½ (31) Asadli,V (2397)-Hojjatova,A (2300) Nakhchivan 2016}) 9... Be6 10. Nbd2 g5 11. Re1 (11. b5 $5 Nb8 12. c4 $14) 11... h5 12. b5 Na5 13. Nxg5 Qxg5 14. Nb3 Qh4 15. Rxe6 Nxb3 $2 {[%emt 0:02:07] [#]} (15... fxe6 $19 16. Nxa5 O-O-O) 16. Rxe7+ $1 Qxe7 17. axb3 c6 18. Bd2 Qf6 19. bxc6 bxc6 20. Qe1+ Kf8 21. Qe3 Kg7 22. Qg5+ Qxg5 23. Bxg5 Rhc8 24. Ba6 Rc7 25. b4 Re8 26. Kf1 f6 27. Bd2 Rce7 28. Bd3 Rf8 29. Ba6 Rff7 (29... h4 $11) 30. Ra2 f5 (30... h4 $11) 31. Ra1 f4 32. f3 Re8 33. Bd3 $11 Rc8 34. Ba6 Rcc7 35. Bd3 h4 36. Re1 Rfe7 37. Ra1 Re6 38. Bf5 Re8 39. Ra6 Kf6 40. Bd3 Rg8 41. b5 Rgc8 42. bxc6 Rb8 43. Ke2 Rb6 44. Rxb6 axb6 45. Bb5 Ke6 46. c4 Ra7 47. c5 bxc5 48. dxc5 Be5 49. Bd3 Ra2 50. Ke1 Ra1+ 51. Ke2 Ra2 52. Kd1 Ra1+ 53. Kc2 Bc7 54. Bh7 Rg1 55. Bg8+ Ke5 56. Kd3 d4 57. Bxf4+ Kxf4 58. Kxd4 Rd1+ 59. Kc4 Kg3 60. Be6 Kxg2 61. Bg4 Kg3 62. Kb5 Ra1 63. Kc4 Kf4 64. Kd5 Rc1 65. Kd4 Rd1+ 66. Kc4 Rd8 67. Kb5 Ra8 68. Kb4 Ke5 69. Kc4 Ra1 70. Bd7 Rc1+ 71. Kb5 Kd4 72. Ka6 Rxc5 73. Kb7 Bf4 74. Kb6 Rc1 75. Bg4 Rb1+ 76. Ka6 Kc5 77. Bd7 Rb3 78. Bg4 Kxc6 0-1

[Event "Israel Team Ch Under 18"]
[Site "Jerusalem"]
[Date "2017.08.15"]
[Round "7"]
[White "Gitzman, Michael"]
[Black "Lukin, Elisha"]
[Result "1/2-1/2"]
[ECO "A45"]
[WhiteElo "1912"]
[BlackElo "2006"]
[Annotator "NA RC"]
[PlyCount "137"]
[EventDate "2017.??.??"]
[EventType "swiss"]
[EventCountry "ISR"]
[SourceTitle "playchess.com"]
[Source "ChessBase"]
[SourceQuality "1"]
[TimeControl "40/5400+30:1800+30"]

1. d4 Nf6 2. Nc3 e6 3. Bf4 b6 4. f3 Bb7 5. e4 d6 6. Bd3 Nbd7 7. Qd2 Be7 8. Nge2 a6 9. Ng3 c5 10. d5 exd5 11. Nxd5 Nxd5 12. exd5 Ne5 13. Bxe5 dxe5 14. c4 Bh4 15. O-O Bxg3 16. hxg3 Qd6 17. Qg5 O-O 18. Rae1 Rae8 19. Kf2 h6 20. Qh5 b5 21. b3 ({Don't blunder} 21. cxb5 $2 Qxd5 22. Re3 c4 $19) 21... bxc4 22. bxc4 Bc8 23. g4 Qf6 24. Be4 Bd7 25. Rh1 Qf4 26. Re2 f5 27. g3 Qg5 28. Bxf5 Bxf5 29. gxf5 Qxf5 30. Qxf5 Rxf5 31. Ke3 Rb8 32. Ke4 Rg5 33. g4 Rf8 34. d6 Rf4+ 35. Kd5 Rd4+ 36. Kxc5 Rg6 37. Rxe5 Rdxd6 38. Rd5 Rc6+ 39. Kd4 Rgf6 40. Rf5 Rfd6+ 41. Kc3 Re6 42. c5 g6 43. Rd5 Re3+ 44. Kc4 Rxf3 45. Rxh6 Kg7 46. Rh2 Ra3 (46... Kf7 {was worth a try.} 47. Rd8 Ke7) 47. g5 Ra4+ $18 48. Kb3 Rg4 49. Rhd2 Rg3+ 50. Kb4 Rg4+ 51. R2d4 Rg2 52. Rd7+ Kf8 53. Rd8+ Ke7 54. R4d7+ Ke6 55. Rd6+ Rxd6 56. Rxd6+ Ke7 57. Rxg6 Rxa2 58. c6 Kd8 59. Rf6 Kc7 60. g6 Rg2 61. Ka5 Ra2+ 62. Kb4 Rg2 63. Kc5 Rg5+ 64. Kd4 a5 65. Ke4 a4 66. Kf4 Rg1 67. Ke5 a3 68. Rf7+ Kxc6 69. Ra7 1/2-1/2

[Event "Israel Team Ch Under 18"]
[Site "Jerusalem"]
[Date "2017.08.15"]
[Round "7"]
[White "Hayohamo, Raz"]
[Black "Avineri, Paz"]
[Result "1/2-1/2"]
[ECO "B32"]
[WhiteElo "1872"]
[BlackElo "1807"]
[Annotator "NA RC"]
[PlyCount "68"]
[EventDate "2017.??.??"]
[EventType "swiss"]
[EventCountry "ISR"]
[SourceTitle "playchess.com"]
[Source "ChessBase"]
[SourceQuality "1"]
[TimeControl "40/5400+30:1800+30"]

1. e4 c5 2. Nf3 Nc6 3. d4 cxd4 4. Nxd4 e5 5. Nb5 d6 6. c4 f5 {[%emt 0:01:56] B32: Sicilian: Löwenthal and Kalashnikov Variations} (6... Be7 7. N1c3 a6 8. Na3 Be6 9. Be2 Rc8 10. O-O Nf6 11. Be3 O-O 12. Qd2 Nd7 13. Rac1 Nc5 14. f3 Nd4 15. Bxd4 exd4 16. Qxd4 Qb6 17. Rc2 Bf6 18. Qe3 Qb4 19. Qd2 Na4 20. Nd5 {½-½ (37) Anand,V (2779)-Caruana,F (2823) Saint Louis 2016}) 7. exf5 Bxf5 8. Bd3 Bxd3 9. Qxd3 Nf6 10. O-O a6 11. N5a3 (11. N5c3 $16) 11... Be7 12. Nc3 O-O 13. Nc2 Kh8 14. Ne3 $146 ({Find the theoretical novelty and annotate with similar games:} 14. Bg5) 14... Nd4 15. Ned5 Nxd5 16. Nxd5 Bg5 17. f4 Bf6 18. Be3 Nc6 19. Rad1 exf4 20. Rxf4 Bxb2 21. Rb1 Rxf4 22. Nxf4 Qf6 23. Nd5 Qe5 24. Bf4 Qd4+ 25. Qxd4 Bxd4+ 26. Kh1 Be5 ({Black should play} 26... Na5 $15) 27. Rxb7 Bxf4 28. Nxf4 Rb8 $11 29. Rxb8+ Nxb8 30. Kg1 Nd7 31. Nd3 Kg8 32. Kf2 Kf7 33. Ke3 Ke6 34. Kd4 Ne5 1/2-1/2

[Event "Israel Team Ch Under 18"]
[Site "Jerusalem"]
[Date "2017.08.15"]
[Round "7"]
[White "Sassoon, Roei"]
[Black "Gov, Guy"]
[Result "1-0"]
[ECO "C10"]
[WhiteElo "1779"]
[BlackElo "1724"]
[Annotator "NA RC"]
[PlyCount "46"]
[EventDate "2017.??.??"]
[EventType "swiss"]
[EventCountry "ISR"]
[SourceTitle "playchess.com"]
[Source "ChessBase"]
[SourceQuality "1"]
[TimeControl "40/5400+30:1800+30"]

1. e4 e6 2. d4 d5 3. Nd2 dxe4 4. Nxe4 Bd7 5. Nf3 Bc6 6. Bd3 Nd7 7. O-O Ngf6 8. Re1 Be7 9. c4 Nxe4 10. Bxe4 Bxe4 11. Rxe4 O-O 12. Bf4 c6 13. Qb3 Qc8 14. Rc1 Bf6 15. d5 Nc5 16. Qc2 Nxe4 17. Qxe4 exd5 18. cxd5 cxd5 19. Qxd5 Qg4 20. Bd6 Qd7 21. Rc7 Rac8 22. Rc5 Rxc5 23. Qxc5 Rd8 1-0

[Event "Israel Team Ch Under 18"]
[Site "Jerusalem"]
[Date "2017.08.15"]
[Round "7"]
[White "Vaknin, Asaf"]
[Black "Solomon, Asif"]
[Result "0-1"]
[ECO "A45"]
[WhiteElo "1746"]
[BlackElo "2041"]
[Annotator "NA RC"]
[PlyCount "78"]
[EventDate "2017.??.??"]
[EventType "swiss"]
[EventCountry "ISR"]
[SourceTitle "playchess.com"]
[Source "ChessBase"]
[SourceQuality "1"]
[TimeControl "40/5400+30:1800+30"]

1. d4 Nf6 2. Bg5 g6 3. Bxf6 exf6 4. g3 Bg7 5. Bg2 d5 6. e3 O-O 7. Ne2 {[%emt 0:00:56] A45: Trompowsky Attack} Bg4 {[%emt 0:06:04] [#]} (7... c6 8. O-O Nd7 9. Nd2 f5 10. c4 Nf6 11. Nf4 Re8 12. Rc1 Be6 13. cxd5 Nxd5 14. Nxe6 Rxe6 {½-½ (38) Harika,D (2507)-Dzagnidze,N (2550) Khanty-Mansiysk 2014}) 8. c4 $1 {[%emt 0:03:04] LiveBook: 4 Games} dxc4 9. Bxb7 Nd7 10. Bxa8 $146 ({Predecessor:} 10. Bc6 Rb8 11. h3 Be6 12. Bg2 Nb6 13. Nbc3 f5 14. Nf4 Qe7 {0-1 (31) Cengija,V (2251)-Agoston,A (2086) Senta 2012}) 10... Qxa8 11. Rg1 c5 12. Nd2 (12. Nbc3 $17) 12... cxd4 13. exd4 (13. h3 {was called for.} dxe3 14. hxg4 exd2+ 15. Qxd2) 13... Re8 14. f3 Bxf3 15. Nxf3 Qxf3 16. Rc1 Nb6 17. Rc3 Qe4 18. Qc2 Qxd4 19. Kf1 Qg4 20. Nf4 g5 21. h3 Qd7 22. h4 $2 (22. Ng2 Qxh3 23. Qd1) 22... gxf4 23. gxf4 Nd5 24. h5 h6 25. Qg2 Ne3+ 26. Rxe3 Qd1+ 27. Kf2 Qd2+ 28. Kg3 Qxe3+ 29. Kh4 Qxf4+ 30. Qg4 Qg5+ 31. Qxg5 fxg5+ 32. Kg4 Re4+ 33. Kh3 $19 f5 34. Rd1 Bd4 35. Rf1 Re3+ 36. Kg2 f4 37. Rd1 f3+ 38. Kf1 Rd3 39. Rc1 g4 0-1

[Event "Israel Team Ch Under 18"]
[Site "Jerusalem"]
[Date "2017.08.15"]
[Round "7"]
[White "Kotler, Yiftah"]
[Black "Kereth, Oren"]
[Result "1-0"]
[ECO "C50"]
[WhiteElo "1722"]
[BlackElo "1989"]
[Annotator "NA RC"]
[PlyCount "54"]
[EventDate "2017.??.??"]
[EventType "swiss"]
[EventCountry "ISR"]
[SourceTitle "playchess.com"]
[Source "ChessBase"]
[SourceQuality "1"]
[TimeControl "40/5400+30:1800+30"]

1. e4 e5 2. Nf3 Nc6 3. Bc4 Bc5 4. O-O Nf6 5. d4 Bxd4 6. Nxd4 Nxd4 7. Bg5 d6 8. f4 Ne6 9. Bxe6 Bxe6 10. fxe5 dxe5 11. Qxd8+ Rxd8 12. Bxf6 gxf6 13. Rxf6 Ke7 14. Rf1 $1 $11 {[%emt 0:01:41] keeps the balance.} Bc4 15. Re1 Be6 (15... Rhg8 $15) 16. Na3 a6 17. Rad1 f6 ({But not} 17... Bxa2 $6 18. b3 $14) 18. b3 Rhg8 (18... Bh3 $2 ) (18... b5 $15) 19. c4 $17 Bh3 20. g3 Bg4 21. Rxd8 Rxd8 22. Nb1 Kd6 23. Kf2 Kc5 24. Ke3 Kb4 25. Rc1 Rd1 26. Rxd1 Bxd1 27. Kd2 Bg4 1-0

[Event "Israel Team Ch Under 18"]
[Site "Jerusalem"]
[Date "2017.08.15"]
[Round "7"]
[White "Shik Buchbinder, Maks"]
[Black "Tsirilman, Guy"]
[Result "0-1"]
[ECO "B12"]
[WhiteElo "1718"]
[BlackElo "1420"]
[Annotator "NA RC"]
[PlyCount "174"]
[EventDate "2017.??.??"]
[EventType "swiss"]
[EventCountry "ISR"]
[SourceTitle "playchess.com"]
[Source "ChessBase"]
[SourceQuality "1"]
[TimeControl "40/5400+30:1800+30"]

1. e4 c6 2. d4 d5 3. e5 Bf5 4. h4 h6 5. g4 Bh7 6. Bd3 Bxd3 7. Qxd3 e6 8. f4 Ne7 9. Nc3 Nd7 10. Bd2 Qc7 11. O-O-O O-O-O 12. Nge2 h5 13. g5 g6 14. Ng3 Nb6 15. Nb1 Nc4 16. Bc3 Kb8 17. Nd2 Nxd2 18. Qxd2 Qd7 19. Bb4 Nc8 20. Ne2 Nb6 21. Bxf8 Rhxf8 22. b3 Rc8 23. Qb4 Qc7 24. a4 Nd7 25. Kb1 c5 26. dxc5 Nxc5 27. Nd4 Ne4 28. Rde1 Rfd8 29. Rh2 a6 30. Rc1 Rd7 31. c4 dxc4 32. Nxe6 fxe6 33. Rxc4 Rd4 34. Rhc2 Rxc4 35. Rxc4 Nc5 36. Qc3 Qd7 37. Qc2 b6 38. b4 Nb7 39. Rxc8+ Qxc8 40. Qxg6 Qc4 41. Qe8+ Ka7 42. g6 Qxb4+ 43. Kc2 Qe4+ 44. Kd1 Qd4+ 45. Ke2 Qxf4 46. Qxe6 Qh2+ 47. Kf3 Qh1+ 48. Kg3 Qe1+ 49. Kf3 Qxh4 50. Qf6 Qg4+ 51. Ke3 Qg3+ 52. Ke2 h4 53. g7 h3 54. Qf8 h2 55. g8=Q Qxg8 56. Qxg8 h1=Q 57. e6 Qe4+ 58. Kf2 Qf5+ 59. Ke2 Qe5+ 60. Kf2 Qf5+ 61. Ke2 Qe4+ 62. Kf2 Qxa4 63. Qf7 Qa2+ 64. Ke3 Qb3+ 65. Ke2 a5 66. Qd7 Qc4+ 67. Ke1 Qb4+ 68. Ke2 Qb2+ 69. Ke1 Qe5+ 70. Kd2 Qd6+ 71. Qxd6 Nxd6 72. e7 Kb7 73. Kd3 Kc6 74. Kc3 b5 75. Kb2 Ne8 76. Kc3 Kc5 77. Kb3 a4+ 78. Ka3 Kc4 79. Kb2 b4 80. Kc2 a3 81. Kb1 Kc3 82. Ka2 Kc2 83. Ka1 a2 84. Kxa2 b3+ 85. Ka1 b2+ 86. Ka2 b1=Q+ 87. Ka3 Qb3# 0-1

[Event "Israel Team Ch Under 18"]
[Site "Jerusalem"]
[Date "2017.08.15"]
[Round "7"]
[White "Katz, Kiril"]
[Black "Shapira, Gal"]
[Result "1/2-1/2"]
[ECO "B20"]
[WhiteElo "1696"]
[BlackElo "1651"]
[Annotator "NA RC"]
[PlyCount "39"]
[EventDate "2017.??.??"]
[EventType "swiss"]
[EventCountry "ISR"]
[SourceTitle "playchess.com"]
[Source "ChessBase"]
[SourceQuality "1"]
[TimeControl "40/5400+30:1800+30"]

1. e4 c5 2. b4 e5 3. Bb2 Nc6 4. Nf3 cxb4 5. Bc4 d6 6. d4 exd4 7. Nxd4 Nf6 8. Nxc6 bxc6 9. e5 Nd5 10. Bxd5 cxd5 11. Qxd5 Be6 12. Qc6+ Bd7 13. Qe4 dxe5 14. Bxe5 Be6 15. Qc6+ Bd7 16. Qe4 Be6 17. Qc6+ Bd7 18. Qe4 f5 19. Qd5 Qe7 20. Rf1 1/2-1/2